AoeStats
← ntu1994.tn

Arabia

510097755Analyzed
3v3 RM · 4d ago on Sep 29, 2026· 63m 14s· 6 players
Game mode
Random Map
Map size
Normal (6 player)
Population
200
Speed
Normal
Resources
Standard
Victory
Conquest
Starting age
Dark Age
Ending age
Imperial Age
RankedLock teamsTeams togetherTeam positionsShared explorationLock speedFull tech treeHidden civsTurbo modeCheats
Victory
Defeat
🇸🇪 Malians · Sweden
869
+16
🇻🇳 Slavs · Vietnam
868
+16
🇨🇳 Italians · China
811
+18
🇫🇷 Mongols · France
926
-29
🇫🇷 Turks · France
875
-17
🇫🇷 Tupi · France
804
-14
Tyke Mörbult
4:23 Loom
11:22 Feudal Age
12:01 Double-Bit Axe
14:24 Horse Collar
16:44 Wheelbarrow
17:06 Man-at-Arms
20:39 Castle Age
18:32 Arson
20:00 Scale Mail Armor
20:28 Town Watch
22:18 Hand Cart
22:06 Heavy Plow
22:12 Fletching
30:52 Forging
30:38 Bodkin Arrow
30:45 Padded Archer Armor
ntu1994.tn
2:33 Loom
11:39 Feudal Age
12:07 Double-Bit Axe
18:43 Castle Age
22:43 Scale Barding Armor
22:49 Forging
23:11 Bow Saw
22:42 Horse Collar
23:41 Wheelbarrow
24:56 Town Watch
26:42 Heavy Plow
28:44 Hand Cart
32:47 Imperial Age
31:28 Chain Barding Armor
31:44 Iron Casting
31:06 Gold Mining
34:37 Conscription
35:30 Plate Barding Armor
34:58 Elite Skirmisher
35:23 Elite Boyar
39:09 Blast Furnace
39:48 Chemistry
39:33 Fletching
39:44 Padded Archer Armor
40:50 Bodkin Arrow
42:39 Leather Archer Armor
42:25 Scale Mail Armor
44:13 Ring Archer Armor
菜鸟
10:48 Feudal Age
18:33 Castle Age
17:21 Double-Bit Axe
19:01 Fletching
27:34 Horse Collar
29:35 Stone Mining
36:55 Imperial Age
37:29 Bow Saw
39:49 Onager
41:12 Conscription
41:28 Caravan
41:39 Gold Mining
42:57 Ballistics
43:35 Elite Genoese Crossbowman
44:35 Bodkin Arrow
46:27 Chemistry
50:04 Padded Archer Armor
50:05 Bracer
49:51 Treadmill Crane
52:18 Leather Archer Armor
54:32 Silk Road
54:25 Pirotechnia
56:59 Wheelbarrow
58:25 Bloodlines
57:36 Light Cavalry
59:33 Ring Archer Armor
59:09 Scale Barding Armor
59:15 Forging
61:18 Stone Shaft Mining
62:08 Thumb Ring
61:50 Hussar
Lazerperforex
11:02 Loom
13:36 Feudal Age
14:06 Champi Runner
17:13 Scale Mail Armor
17:24 Forging
25:34 Castle Age
23:25 Horse Collar
23:30 Double-Bit Axe
28:49 Crossbowman
36:10 Squires
35:31 Champi Warrior
36:36 Fletching
36:47 Padded Archer Armor
37:43 Pikeman
37:51 Pikeman
45:12 Imperial Age
47:05 Ballistics
47:20 Bodkin Arrow
47:41 Leather Archer Armor
49:13 Halberdier
52:05 Halberdier
53:31 Elite Champi Warrior
Cornak
10:48 Feudal Age
9:04 Loom
11:37 Double-Bit Axe
17:06 Horse Collar
18:40 Gold Mining
25:19 Castle Age
24:09 Fletching
24:20 Padded Archer Armor
25:23 Crossbowman
26:16 Thumb Ring
26:09 Bodkin Arrow
26:30 Leather Archer Armor
29:04 Heavy Plow
29:17 Bow Saw
30:22 Gold Shaft Mining
31:29 Forging
34:25 Imperial Age
33:49 Ballistics
36:29 Elite Janissary
38:19 Forging
39:33 Conscription
41:20 Bracer
44:07 Ring Archer Armor
43:40 Scale Mail Armor
51:42 Chain Mail Armor
52:04 Iron Casting
54:45 Wheelbarrow
55:47 Bloodlines
55:39 Husbandry
57:09 Caravan
56:58 Loom
57:17 Heavy Camel Rider
60:41 Scale Barding Armor
sioles15
8:21 Loom
10:39 Feudal Age
13:49 Double-Bit Axe
16:52 Castle Age
16:01 Horse Collar
17:24 Padded Archer Armor
17:28 Fletching
17:43 Elite Skirmisher
23:42 Thumb Ring
23:42 Bodkin Arrow
25:19 Bow Saw
28:27 Heavy Plow
28:18 Gold Mining
29:30 Ballistics
29:28 Leather Archer Armor
30:16 Gold Shaft Mining
29:35 Stone Mining
32:02 Wheelbarrow
32:11 Stone Shaft Mining
33:09 Bloodlines
33:01 Husbandry
32:28 Light Cavalry
38:47 Imperial Age
37:28 Hand Cart
37:44 Hand Cart
37:15 Town Watch
39:12 Heavy Cavalry Archer
40:18 Parthian Tactics
40:16 Conscription
40:47 Bracer
41:53 Conscription
43:33 Scale Barding Armor
43:39 Forging
44:52 Chemistry
44:13 Elite Steppe Lancer
47:39 Iron Casting
47:24 Chain Barding Armor
47:45 Iron Casting
59:14 Hussar
60:59 Blast Furnace
Connection lost

Rejoining the realm…

Still unreachable

The connection could not be restored.

Session expired

The server has moved on; the page needs a fresh start.